 Dungeon Crawl Stone Soup version 0.18.1-8-gdd0e5ea (webtiles) character file.

1742 Metae the Covert (level 8, -1/42 HPs)
             Began as a Spriggan Assassin on June 3, 2016.
             Was a Follower of Elyvilon.
             Slain by a deep troll (6 damage)
             ... on level 4 of the Dungeon.
             The game lasted 01:23:38 (11925 turns).

Metae the Covert (Spriggan Assassin)               Turns: 11925, Time: 01:23:39

Health: -1/42      AC:  3    Str:  8    XL:     8   Next: 77%
Magic:  11/11      EV: 16    Int: 12    God:    Elyvilon [*.....]
Gold:   162        SH:  0    Dex: 15    Spells: 0 memorised, 7 levels left

rFire  + + .     SeeInvis +     B - +1 short sword (speed)
rCold  + . .     Gourm    .     c - +0 robe
rNeg   . . .     Faith    .     (shield restricted)
rPois  .         Spirit   .     (helmet restricted)
rElec  +         Dismiss  .     d - +0 cloak
rCorr  .         Reflect  .     (gloves unavailable)
SustAt .         Harm     .     (boots unavailable)
MR     ++...                    (no amulet)
Stlth  +++++.....               j - ring of protection from magic
                                J - ring of the Commoners {+Fly rElec rF++ rC+ Dex-4}

@: very quick, very resistant to hostile enchantments, quite stealthy
A: unfitting armour, see invisible, herbivore 3, speed 3, slow metabolism 2
a: Lesser Healing, Divine Protection, Renounce Religion, Evoke Flight


You were on level 4 of the Dungeon.
You worshipped Elyvilon.
Elyvilon was aware of your devotion.
You were not hungry.

You visited 2 branches of the dungeon, and saw 5 of its levels.

You collected 162 gold pieces.

Inventory:

Hand Weapons
 a - a +2 dagger
 b - a +0 blowgun
 f - a +1 dagger of draining
 B - a +1 short sword of speed (weapon)
 D - a +0 quarterstaff
 H - a cursed -3 dagger
 K - a +0 hand crossbow
 L - a +2 whip of freezing
Missiles
 e - 7 poisoned needles
Armour
 c - a +0 robe (worn)
 d - a +0 cloak (worn)
 m - a +0 robe
 o - a +0 animal skin
Jewellery
 j - a ring of protection from magic (right hand)
 k - an uncursed ring of loudness
 y - an uncursed ring of ice
 J - the ring of the Commoners (left hand) {+Fly rElec rF++ rC+ Dex-4}
   (You found it on level 4 of the Dungeon)

   [ring of protection from cold]

   It affects your dexterity (-4).
   It greatly protects you from fire.
   It protects you from cold.
   It insulates you from electricity.
   It lets you fly.
Scrolls
 n - a scroll of identify
 q - a scroll of fear {unknown}
 t - a scroll of recharging {unknown}
 v - a scroll of teleportation {unknown}
 w - a scroll of enchant armour {unknown}
 x - a scroll of noise {unknown}
 z - a scroll of magic mapping {unknown}
 G - a scroll of immolation {unknown}
 M - a scroll of blinking {unknown}
Potions
 h - a potion of might {unknown}
 l - a potion of flight {unknown}
 p - a potion of berserk rage
 r - 2 potions of cure mutation {unknown}
 s - a potion of haste {unknown}
 u - a potion of ambrosia {unknown}
 A - a potion of agility
 C - a potion of brilliance {unknown}
 E - a potion of curing {unknown}
 F - 2 potions of degeneration {unknown}
Comestibles
 g - a bread ration
 i - 2 meat rations
 I - 3 fruits


   Skills:
 + Level 4.0 Fighting
 + Level 5.5 Short Blades
 + Level 5.0 Throwing
 + Level 6.9 Dodging
 + Level 9.5 Stealth
 - Level 3.7 Invocations
 + Level 0.0 Evocations


You had 7 spell levels left.
You didn't know any spells.

Dungeon Overview and Level Annotations

Branches:
Dungeon (4/15)             Temple (1/1) D:4

Altars:
Ashenzari
Dithmenos
Elyvilon
Gozag
Kikubaaqudgha
Nemelex Xobeh
Pakellas
Trog
Vehumet
The Shining One

Annotations:
D:3 Purgy


Innate Abilities, Weirdness & Mutations

You are tiny and cannot use many weapons and most armour.
You have supernaturally acute eyesight.
You are a herbivore.
You cover ground extremely quickly.
You need consume almost no food.


Message History

e - 5 poisoned needles (gained 2)
e - 7 poisoned needles (gained 2)
Things that are here:
a mace; a tomahawk; a whip
Things that are here:
a mace; a tomahawk; a whip You see here a club.
You see here 2 tomahawks.
Things that are here:
a scale mail; a hobgoblin corpse You see here a mace.
There is a stone staircase leading down here.
You climb downwards.
The deep troll bites you! The deep troll claws you.
The deep troll closely misses you. The giant gecko barely misses you.
The gnoll barely misses you.
There is a stone staircase leading up, spattered with blood here.
The giant gecko bites you. The deep troll bites you!!
* * * LOW HITPOINT WARNING * * *
The deep troll claws you.
You die...

#.....##.......##..##### #.....
......##.............#######.....
......##......####(..(.)....)....
......##....#.#####............).
......##...)#...# #...(.....####.
....####........###lg.......####.
....####.......g)(ggg(.(...).....
##....#.....##.T########.#######.
###.#......###.[@# #..# ##.
...............#l########g#####..
.#.#.........#....##...##g.......
.#.#.....#.#.#.....#...##.......)
#..........T.##....#...##g.g.....
..###.####.#...#.......##......[.
.......................##........
.#...#####.#.##.......g..._......
......##................#........


You could see a deep troll, a gnoll and a giant gecko.

Vanquished Creatures
  Pikel (D:4)
  The ghost of BanjoDave the Skirmisher, an amateur FoAK of Lugonu (D:4)
  A phantom (D:4)
  3 ogres (D:4)
  A giant frog (D:3)
  A gnoll sergeant (D:4)
  2 gnoll shamans (D:4)
  A hound (D:4)
  An orc wizard (D:3)
  Robin (D:3)
  7 adders
  26 gnolls (D:4)
  2 worms (D:2)
  3 dart slugs
  A giant gecko (D:4)
  9 orcs
  13 bats
  2 giant cockroaches (D:3)
  12 goblins
  11 hobgoblins
  11 jackals
  10 kobolds
  4 quokkas
  A ball python (D:4)
  4 giant newts
  7 rats
  2 toadstools (D:1)
138 creatures vanquished.

Vanquished Creatures (others)
  3 slaves (D:4)
  6 gnolls (D:4)
  An orc (D:4)
  A giant cockroach (D:4)
  10 jackals (D:4)
  2 toadstools (D:1)
23 creatures vanquished.

Grand Total: 161 creatures vanquished

Notes
Turn   | Place    | Note
--------------------------------------------------------------
     0 | D:1      | Metae the Spriggan Assassin began the quest for the Orb.
     0 | D:1      | Reached XP level 1. HP: 10/10 MP: 2/2
   153 | D:1      | Reached skill level 6 in Stealth
   316 | D:1      | Reached XP level 2. HP: 12/15 MP: 3/3
  1109 | D:2      | Reached XP level 3. HP: 18/18 MP: 4/4
  2482 | D:2      | Reached XP level 4. HP: 23/23 MP: 5/5
  2960 | D:3      | Found a white marble altar of Elyvilon.
  2960 | D:3      | Found a sparkling altar of Nemelex Xobeh.
  2970 | D:3      | Became a worshipper of Elyvilon the Healer
  3520 | D:3      | Noticed Robin
  4088 | D:3      | Noticed Purgy
  4223 | D:3      | Found a faded altar to an unknown god.
  5748 | D:4      | Noticed an ogre
  6300 | D:3      | Reached XP level 5. HP: 27/27 MP: 6/6
  6433 | D:3      | Found a bloodstained altar of Trog.
  6433 | D:3      | Found a shattered altar of Ashenzari.
  6657 | D:4      | Killed an ogre
  6657 | D:4      | Reached skill level 7 in Stealth
  6678 | D:4      | Got a scorched jade ring
  6692 | D:4      | Identified the ring of the Commoners {+Fly rElec rF++ rC+ Dex-4} (You found it on level 4 of the Dungeon)
  6700 | D:4      | Found an ancient bone altar of Kikubaaqudgha.
  6719 | D:4      | Noticed Pikel
  6719 | D:4      | Noticed a slave
  6720 | D:4      | Noticed a slave
  6720 | D:4      | Noticed a slave
  6721 | D:4      | Noticed a slave
  6760 | D:4      | Noticed a phantom
  6770 | D:4      | Found a staircase to the Ecumenical Temple.
  6784 | D:4      | Reached * piety under Elyvilon
  6810 | D:3      | Reached skill level 1 in Invocations
  6810 | D:3      | Reached XP level 6. HP: 14/32 MP: 7/7
  7427 | Temple   | Entered the Ecumenical Temple
  7719 | D:4      | Killed Pikel
  7719 | D:4      | Reached skill level 5 in Dodging
  7719 | D:4      | Reached skill level 8 in Stealth
  7719 | D:4      | Reached XP level 7. HP: 33/36 MP: 8/10
  8042 | D:3      | Reached XP level 8. HP: 22/40 MP: 11/11
  9334 | D:4      | Reached skill level 5 in Short Blades
  9750 | D:4      | Noticed BanjoDave's ghost (amateur FoAK)
 10299 | D:4      | Killed BanjoDave's ghost
 10299 | D:4      | Reached skill level 9 in Stealth
 11774 | D:4      | Reached skill level 5 in Throwing
 11850 | D:4      | Noticed a deep troll
 11885 | D:3      | Killed Robin
 11925 | D:4      | Slain by a deep troll

Skill      XL: |  1  2  3  4  5  6  7  8 |
---------------+-------------------------+-----
Stealth        | 6 7 8 9 |  9.5
Fighting       | 2 3 4 |  4.0
Dodging        | 2 3 5 6 |  6.9
Short Blades   | 3 4 5 |  5.5
Throwing       | 3 4 5 |  5.0
Invocations    | 1 2 3 |  3.7

Action                   |  1- 3 |  4- 6 |  7- 9 || total
-------------------------+-------+-------+-------++-------
Melee: Dagger            |    23 |       |       ||    23
       Short sword       |   107 |   289 |   363 ||   759
       Blowgun           |       |       |     1 ||     1
 Fire: Blowgun           |     4 |    37 |   102 ||   143
Invok: Divine Protection |       |       |     1 ||     1
       Lesser Healing    |       |       |     1 ||     1
 Abil: Evoke Flight      |       |       |     2 ||     2
  Use: Scroll            |       |     4 |     2 ||     6
       Potion            |       |     2 |     1 ||     3
 Stab: Sleeping          |     8 |     5 |       ||    13
       Distracted        |       |       |     2 ||     2
  Eat: Bread ration      |       |     1 |     1 ||     2
Armor: Robe              |    10 |    39 |     7 ||    56
Dodge: Dodged            |    85 |   220 |   173 ||   478
